 Dungeon Crawl Stone Soup version 0.31-a0-187-gba352fbbf7 (webtiles) character file.

Game seed: 5569610044715887858

3203 Dittersdorf the Blocker (level 9, -4/59 HPs)
             Began as a Gargoyle Fighter on June 22, 2023.
             Was a Follower of Okawaru.
             Slain by an orc warrior (6 damage)
             ... in a bailey.
             The game lasted 00:11:10 (7538 turns).

Dittersdorf the Blocker (Gargoyle Fighter)          Turns: 7538, Time: 00:11:10

Health: -4/59      AC: 23    Str: 25    XL:     9   Next: 96%
Magic:  9/9        EV: 10    Int:  8    God:    Okawaru [*.....]
Gold:   411        SH:  5    Dex:  9    Spells: 8/8 levels left

rFire   . . .        b - +2 flail (drain)
rCold   . . .        c - +0 buckler
rNeg    + . .        e - +4 ring mail
rPois   ∞            (no helmet)
rElec   +            m - +0 cloak
rCorr   .            k - +0 pair of gloves
SInv    .            y - +2 pair of boots
Will    .....        (no amulet) Stlth
                     (no ring)
HPRegen 0.29/turn    (no ring)
MPRegen 0.11/turn

%: no passive effects
@: brilliant, attractive, very slow
A: sickness immunity, AC +6, negative energy resistance 1, electricity
resistance, torment resistance 1, petrification resistance
a: Renounce Religion, Heroism


You were in a bailey.
You worshipped Okawaru.
Okawaru was aware of your devotion.
You visited 2 branches of the dungeon, and saw 9 of its levels.
You also visited: Sewer and Bailey.

You collected 411 gold pieces.

Inventory:

Hand Weapons
 b - a +2 flail of draining (weapon)
Missiles
 s - a throwing net
Armour
 c - a +0 buckler (worn)
 e - a +4 ring mail (worn)
 k - a +0 pair of gloves (worn)
 m - a +0 cloak (worn)
 y - a +2 pair of boots (worn)
Wands
 f - a wand of digging (5)
Scrolls
 g - 3 scrolls of revelation
 j - 2 scrolls of blinking {unknown}
 l - 3 scrolls of fear {unknown}
 n - a scroll of brand weapon {unknown}
 o - a scroll of noise {unknown}
 v - a scroll of immolation {unknown}
 w - a scroll of summoning {unknown}
 x - a scroll of fog {unknown}
Potions
 a - a potion of brilliance
 d - 3 potions of might
 h - a potion of attraction
 i - 4 potions of mutation
 p - a potion of ambrosia
 q - a potion of invisibility
 r - 3 potions of haste {unknown}
 t - a potion of heal wounds {unknown}
 u - a potion of curing {unknown}


   Skills:
 + Level 8.2 Fighting
 + Level 7.0 Maces & Flails
 + Level 8.2 Armour
 + Level 8.2 Shields


You had 8 spell levels left.
You didn't know any spells.
Your spell library contained the following spells:

 Spells                   Type           Power      Damage    Failure   Level
 Beastly Appendage        Tmut           0%         N/A       58%         1
 Magic Dart               Conj           0%         1d3       58%         1
 Searing Ray              Conj           0%         2d4       73%         2
 Wereblood                Tmut           0%         N/A       73%         2
 Spider Form              Tmut/Pois      0%         N/A       91%         3
 Fulminant Prism          Conj/Hex       0%         3d5       100%        4


Dungeon Overview and Level Annotations

Branches:
Dungeon (8/15)             Temple (1/1) D:7           Sewer (visited)
 Bailey (1/1)
   Lair: D:8-11

Altars:
Ashenzari
Dithmenos
Elyvilon
Hepliaklqana
Nemelex Xobeh
Okawaru
Sif Muna
Trog
Vehumet
Xom
Yredelemnul
The Shining One

Shops:
D:5 !   D:8 ?

Annotations:
D:6 3 runed translucent doors, Midn8's ghost, novice NaCA


Innate Abilities, Weirdness & Mutations

You are immune to sickness and miasma.
Your stone body is resilient. (AC +6)
You are immune to poison.
You resist negative energy. (rN+)
You are resistant to electric shocks. (rElec)
You are resistant to unholy torment.
You are immune to petrification.


Message History

You feel less invigorated.
You feel less confused. The orc warrior barely misses you.
The orc warrior hits you but does no damage.
The orc warrior is attracted toward you.
The orc is attracted toward you.
Your unstable footing causes you to fumble your attack.
The orc warrior unwields a +0 arbalest.
You block the orc warrior's attack.
The orc warrior hits you but does no damage.
The orc is attracted toward you.
You completely miss the orc warrior.
The orc warrior is moderately wounded.
The orc warrior splashes around in the water.
The orc completely misses you. The orc warrior completely misses you.
You barely miss the orc warrior.
The orc warrior is moderately wounded.
The orc warrior hits you!
* * * LOW HITPOINT WARNING * * *
The orc hits you but does no damage.
The orc warrior hits you but does no damage.
Your unstable footing causes you to fumble your attack.
You block the orc warrior's attack.
The orc splashes around in the water.
The orc warrior splashes around in the water.
The orc warrior barely misses you.
You hit the orc. You drain the orc.
The orc is almost dead.
The orc splashes around in the water.
The orc warrior hits you.
* * * LOW HITPOINT WARNING * * *
The orc warrior hits you but does no damage.
Your unstable footing causes you to fumble your attack.
The orc hits you but does no damage. The orc warrior hits you!
* * * LOW HITPOINT WARNING * * *
You block the orc warrior's attack.
You hit the orc but do no damage. You drain the orc.
You kill the orc!
Okawaru accepts your kill.
You hear a splash. x2
The orc warrior splashes around in the water.
The orc warrior hits you.
You die...

##~~~~~~~~.....#
#~~~~~~~~.....#
##~~~~~~~.....#
#~~~~~~~.....#
#~~~~~~~.....#
#~~~~~~~.....#
##~~~~~~~.....#
#~~~~~~~~.....#
##~~~~)@~~.....#
#~~~~~oo~~.....#
~~~≈≈≈)≈≈~.....#
~~~≈##.#≈≈.....#
~~~ #∩.##≈.....#
~~ ~...o#≈.....#
~ ~≈##.##≈.....#
~~≈ ###≈≈.....#
~~ ≈≈≈≈~.....#


You could see 2 orc warriors.

Vanquished Creatures
  Pikel (D:4)
  Sigmund (D:3)
  2 steam dragons
  Menkaure (D:7)
  Edmund (D:4)
  2 black bears
  5 orc warriors
  A sky beast (D:7)
  An ogre (D:6)
  A lemure (D:4)
  A scorpion (D:6)
  8 wights
  2 hounds (D:5)
  A jelly (D:7)
  Crazy Yiuf (D:7)
  3 orc priests
  A sleepcap (D:6)
  5 iguanas
  3 orc wizards (D:7)
  13 adders
  4 gnolls (D:2)
  5 river rats (Sewer)
  2 shadow imps (D:6)
  2 ufetubi
  2 worms
  4 dart slugs
  22 orcs
  16 ball pythons
  6 endoplasms
  4 giant cockroaches
  5 goblins (D:1)
  12 hobgoblins
  5 jackals
  5 quokkas
  4 bats
  5 frilled lizards
  29 kobolds
  21 rats
207 creatures vanquished.

Vanquished Creatures (others)
  A ball python (D:3)
1 creature vanquished.

Grand Total: 208 creatures vanquished

Notes
Turn   | Place    | Note
-------+----------+-------------------------------------------
     0 | D:1      | Dittersdorf the Gargoyle Fighter began the quest for the
                  | Orb.
     0 | D:1      | Reached XP level 1. HP: 14/14 MP: 1/1
   119 | D:1      | Reached XP level 2. HP: 12/19 MP: 2/2
   312 | D:1      | Reached XP level 3. HP: 23/23 MP: 3/3
   912 | D:2      | Reached XP level 4. HP: 27/29 MP: 4/4
  1391 | D:2      | Reached XP level 5. HP: 26/33 MP: 5/5
  1626 | D:3      | Found a broken altar of Ashenzari.
  1686 | D:3      | Found a hazy altar of Hepliaklqana.
  1704 | D:3      | Found a bloodstained altar of Trog.
  1714 | D:3      | Noticed Sigmund
  1865 | D:3      | Killed Sigmund
  1866 | D:3      | Reached XP level 6. HP: 37/40 MP: 6/6
  2147 | D:3      | Found a basalt altar of Yredelemnul.
  2629 | D:4      | Noticed Edmund
  2640 | D:4      | Killed Edmund
  2641 | D:4      | Reached skill level 5 in Fighting
  2641 | D:4      | Reached skill level 5 in Armour
  2641 | D:4      | Reached skill level 5 in Shields
  2641 | D:4      | Reached XP level 7. HP: 29/44 MP: 7/7
  2757 | D:4      | Noticed Pikel
  2774 | D:4      | Killed Pikel
  2775 | D:4      | Reached XP level 8. HP: 51/51 MP: 8/8
  3335 | D:5      | Entered Level 5 of the Dungeon
  3373 | D:5      | Found a glowing drain.
  3414 | D:5      | Reached skill level 5 in Maces & Flails
  3422 | Sewer    | Entered a sewer
  4120 | D:5      | Found Ihiuxurch's Distillery.
  5192 | D:6      | Reached XP level 9. HP: 20/56 MP: 9/9
  5470 | D:6      | Noticed Midn8's ghost (novice NaCA)
  5471 | D:6      | Found a runed translucent gate.
  5471 | D:6      | Found a runed translucent gate.
  5471 | D:6      | Found a runed translucent gate.
  6116 | D:7      | Found a runed translucent door.
  6117 | D:7      | Noticed Crazy Yiuf
  6143 | D:7      | Found a staircase to the Ecumenical Temple.
  6172 | Temple   | Entered the Ecumenical Temple
  6178 | Temple   | Became a worshipper of Warmaster Okawaru
  6473 | D:7      | Noticed Menkaure
  6702 | D:7      | Killed Menkaure
  7306 | D:7      | Killed Crazy Yiuf
  7362 | D:8      | Found Deerr's Magic Scroll Shop.
  7396 | D:8      | Found a flagged portal.
  7404 | Bailey   | Entered a bailey
  7429 | Bailey   | Reached * piety under Okawaru
  7537 | Bailey   | HP: 2/59 [orc warrior (8)]
  7538 | Bailey   | Slain by an orc warrior

Illustrated notes

Levels and vault maps discovered:
D:1:      saegor_arrival_simple_d, layout_basic, serial_bayou,
          serial_bayou_pond_b, serial_bayou_pond_a, serial_bayou_pond_e,
          serial_bayou_pond_e, st_stairs_5, minmay_tree_intersection
D:2:      layout_basic
D:3:      layout_loops_cross, trog_three_pillars_becter,
          grunt_temple_overflow_open, minivault_24, grunt_ministairs_7,
          kennysheep_generic_room_2, uniq_sigmund
D:4:      layout_loops_corners, uniq_pikel, uniq_edmund
D:5:      layout_basic, serial_shops, shop, gup_sewer_entry_glass
D:6:      layout_cave_pools, ebering_ghost_rock_garden, grunt_ministairs_15,
          hangedman_decor_push
D:7:      layout_basic, minmay_temple_entry_waves, serial_corexii_hall,
          chequers_hall_statues_corner_a, chequers_hall_statues_corner_a,
          corexii_hall_statues_x, corexii_hall_statues_x,
          roderic_serpentine_path, uniq_crazy_yiuf_cottage, uniq_menkaure
D:8:      layout_layer_cave, mainiacjoe_overflow_alcove_2, enter_bailey_2,
          serial_shops, nicolae_shop_peninsula, nicolae_ossuary_entry_monument
Temple:   eino_narrow_crystal_temple
Bailey:   bailey_polearm_2, bailey

Skill      XL: |  1  2  3  4  5  6  7  8  9 |
---------------+----------------------------+-----
Shields        | 4 5 7 8 |  8.2
Fighting       | 4 5 6 8 |  8.2
Armour         | 4 5 6 8 |  8.2
Maces & Flails | 3 4 5 7 |  7.0

Action                     |  1- 3 |  4- 6 |  7- 9 || total
---------------------------+-------+-------+-------++-------
  Melee: Flail             |   141 |   174 |   427 ||   742
    Use: Scroll            |       |     6 |     4 ||    10
         Potion            |       |       |     3 ||     3
 Armour: Ring mail         |    85 |   147 |   284 ||   516
         Scale mail        |     6 |       |       ||     6
  Dodge: Dodged            |    92 |   149 |   245 ||   486
  Block: Buckler           |    40 |    69 |   156 ||   265

Table legend: (Time is in decaauts)
 A = Elapsed time spent in this place.
 B = Non-inter-level travel time spent in this place.
 C = Inter-level travel time spent in this place.
 D = Time resting spent in this place.
 E = Time spent auto-exploring this place.
 F = Levels seen in this place.
 G = Mean time per level.
                   A        B        C        D        E       F      G
               +--------+--------+--------+--------+--------+-----+--------+
         Total |   7730 |   7471 |    259 |    735 |   4768 |  11 |  702.7 |
       Dungeon |   6899 |   6650 |    249 |    735 |   4312 |   8 |  862.4 |
        Temple |     12 |      2 |     10 |      0 |      0 |   1 |   12.0 |
         Sewer |    668 |    668 |      0 |      0 |    454 |   1 |  668.0 |
        Bailey |    150 |    150 |      0 |      0 |      2 |   1 |  150.0 |
               +--------+--------+--------+--------+--------+-----+--------+

Top non-repeatable levels by time:
     D:7: 1608 daAuts
     D:5: 985 daAuts
     D:1: 954 daAuts
     D:4: 904 daAuts
     D:3: 872 daAuts
     D:6: 798 daAuts
     D:2: 712 daAuts
   Sewer: 668 daAuts
  Bailey: 150 daAuts
     D:8: 62 daAuts
  Temple: 12 daAuts
